 Dungeon Crawl Stone Soup version 0.31-a0-740-g87205ac768 (webtiles) character file.

Game seed: 16520555378263462908

275 LeprechaunX the Changeling (level 6, -2/61 HPs)
             Began as an Octopode Shapeshifter on Sept 12, 2023.
             Was an Initiate of Cheibriados.
             Killed from afar by an orc wizard (3 damage)
             ... with a puff of flame
             ... on level 5 of the Dungeon.
             The game lasted 00:03:32 (3403 turns).

LeprechaunX the Changeling (Octopode Shapeshifter)  Turns: 3403, Time: 00:03:32

Health: -2/61      AC: 23    Str: 16    XL:     6   Next: 25%
Magic:  6/6        EV:  2    Int: 14    God:    Cheibriados [......]
Gold:   262        SH:  5    Dex: 12    Spells: 5/5 levels left

rFire   + .          .
                       - Unarmed
rCold   . . .        (no shield)
rNeg    . . .        (helmet currently unavailable)
rPois   +            o - amulet of reflection
rElec   .            f - ring of protection from fire
rCorr   .            m - ring of poison resistance
SInv    .            (no ring)
Will    .....        (no ring)
Stlth   +            (no ring)
HPRegen 0.30/turn    (no ring)
MPRegen 0.10/turn    (no ring)
                     (no ring)

%: reflection
@: tree-form, hasted, very quick
A: stationary, stasis, torment immunity, boosted hp, almost no armour,
(amphibious), 8 rings, (camouflage 1), (gelatinous body 1), (nimble swimmer 1),
(tentacles)
a: Renounce Religion


You were on level 5 of the Dungeon.
You worshipped Cheibriados.
Cheibriados was noncommittal.
You were a tree.
You visited 2 branches of the dungeon, and saw 6 of its levels.

You collected 262 gold pieces.

Inventory:

Missiles
 u - 8 boomerangs
Jewellery
 f - a ring of protection from fire (left branch)
 m - a ring of poison resistance (right branch)
 o - an amulet of reflection (around neck)
Talismans
 b - a beast talisman
 c - a flux talisman
Wands
 l - a wand of flame (15)
 p - a wand of mindburst (8)
Scrolls
 e - 6 scrolls of identify {unknown}
 j - a scroll of noise {unknown}
 k - a scroll of immolation {unknown}
 q - a scroll of teleportation {unknown}
 s - a scroll of brand weapon {unknown}
Potions
 a - a potion of lignification
 d - 3 potions of mutation {unknown}
 g - 2 potions of brilliance {unknown}
 h - a potion of degeneration {unknown}
 i - 2 potions of haste
 n - 2 potions of heal wounds {unknown}
 r - a potion of magic {unknown}
 t - a potion of invisibility {unknown}


   Skills:
 + Level 2.7 Fighting
 + Level 3.3 Dodging
 + Level 3.9 Unarmed Combat
 + Level 0.1 Invocations
 * Level 4.5 Shapeshifting


You had 5 spell levels left.
You didn't know any spells.
Your spell library contained the following spells:

 Spells                   Type           Power      Damage    Failure   Level
 Lesser Beckoning         Tloc           0%         N/A       41%         2
 Call Canine Familiar     Summ           0%         N/A       65%         3
 Gell's Gravitas          Tloc           0%         N/A       65%         3
 Inner Flame              Hex/Fire       0%         N/A       65%         3
 Sigil of Binding         Hex            0%         N/A       65%         3
 Teleport Other           Tloc           0%         N/A       65%         3
 Dimensional Bullseye     Hex/Tloc       0%         N/A       96%         4
 Leda's Liquefaction      Hex/Erth       0%         N/A       96%         4
 Yara's Violent Unravell  Hex/Tmut       0%         3d3       100%        5
 Enfeeble                 Hex            0%         N/A       100%        7


Dungeon Overview and Level Annotations

Branches:
Dungeon (5/15)             Temple (1/1) D:4

Altars:
Ashenzari
Cheibriados
Fedhas
Gozag
Makhleb
Okawaru
Uskayaw
Xom
Yredelemnul


Innate Abilities, Weirdness & Mutations

You are a tree.
Your roots penetrate the ground, keeping you stationary.
You cannot be teleported.
You are immune to unholy pain and torment.
Your maximum health is greatly increased.
You cannot wear most types of armour.
((You are amphibious.))
You can wear up to eight rings at the same time.
((Your skin changes colour to match your surroundings (Stealth+).))
((Your rubbery body absorbs attacks. (AC +1, EV +1)))
((You are camouflaged when in or above water. (Stealth+)))
((You have tentacles for arms and can constrict up to eight enemies at once.))


Message History

Unknown command.
You closely miss the orc wizard.
The orc wizard is moderately wounded.
The hound bites you.
* * * LOW HITPOINT WARNING * * *
Something hits you but does no damage.
The orc wizard hits you but does no damage.
Unknown command.
You smack the orc wizard!
You kill the orc wizard!
Cheibriados appreciates the change of pace.
The hound barely misses you. Something hits you but does no damage.
You block the orc's attack.
An orc comes into view. It is wielding a +0 short sword.
You hit the hound but do no damage.
The hound is heavily wounded.
The hound bites you but does no damage. The hound bites you.
* * * LOW HITPOINT WARNING * * *
Something hits you but does no damage. The orc hits you but does no damage.
Unknown command.
You hit the hound.
The hound is severely wounded.
The hound bites you but does no damage. Something hits you but does no damage.
You hit the orc wizard.
The orc wizard is moderately wounded.
The hound bites you but does no damage. The orc wizard casts a spell at you.
The magic dart hits you but does no damage.
The orc hits you but does no damage. Something hits you.
* * * LOW HITPOINT WARNING * * *
It was a potion of haste.
You feel yourself speed up.
Cheibriados forgives your accidental hurry, just this once.
The hound bites you but does no damage.
The orc wizard hits you but does no damage.
The orc hits you but does no damage. The hound bites you.
* * * LOW HITPOINT WARNING * * *
You hear some strange, mumbled words.
A puff of flame appears from out of thin air!
The puff of flame hits you. You resist.
You die...

. .. ##. ...
##.####.....
#........... ...........
####.....#.....##.#
..##...oo..o.......#.# #
.......♣{............##)
...##..)h...............
........?........#......
.................#....#
.....................#
..................<..#..
.............##.........
............##..###.....
..#......)........##....


You could see a hound, an orc wizard and 2 orcs.

Vanquished Creatures
  A scorpion (D:4)
  An orc wizard (D:5)
  6 adders
  7 gnolls
  A worm (D:3)
  2 dart slugs
  4 orcs
  8 endoplasms
  6 giant cockroaches
  A goblin (D:4)
  3 hobgoblins
  12 jackals
  3 kobolds
  A quokka (D:4)
  2 ball pythons
  5 bats
  3 frilled lizards
  A rat (D:3)
67 creatures vanquished.

Notes
Turn   | Place    | Note
-------+----------+-------------------------------------------
     0 | D:1      | LeprechaunX the Octopode Shapeshifter began the quest for
                  | the Orb.
     0 | D:1      | Reached XP level 1. HP: 13/13 MP: 1/1
   299 | D:1      | Reached XP level 2. HP: 18/18 MP: 2/2
   887 | D:2      | Reached XP level 3. HP: 5/23 MP: 3/3
  1180 | D:2      | Reached XP level 4. HP: 16/29 MP: 4/4
  1735 | D:3      | Found a shimmering altar of Xom.
  2066 | D:3      | Reached skill level 4 in Shapeshifting
  2288 | D:3      | Reached XP level 5. HP: 34/34 MP: 5/5
  2591 | D:4      | Found a hide-covered altar of Uskayaw.
  2803 | D:4      | Reached XP level 6. HP: 31/41 MP: 6/6
  3106 | D:4      | Found a staircase to the Ecumenical Temple.
  3157 | Temple   | Entered the Ecumenical Temple
  3166 | Temple   | Became a worshipper of Cheibriados the Contemplative
  3286 | D:4      | Found a broken altar of Ashenzari.
  3360 | D:5      | Entered Level 5 of the Dungeon
  3402 | D:5      | HP: 2/61 [something (2)]
  3403 | D:5      | Killed from afar by an orc wizard

Illustrated notes

Levels and vault maps discovered:
D:1:      eino_arrival_cavern_d, layout_loops_ring,
          minmay_misc_feat_more_columns, chequers_jeans, dreamdust_wishing_well
D:2:      layout_loops_ring, nicolae_half_adder
D:3:      layout_loops_corners, mainiacjoe_overflow_tiny_flanked
D:4:      layout_cave_pools, nicolae_uskayaw_murder_on_the_dancefloor,
          kennysheep_mini_moat, minmay_temple_entry_sparse_star,
          nicolae_figureground_pulse
D:5:      layout_cave_pools, good_gods_mini_temple,
          nicolae_overflow_quartered_altars, trog_butcher_becter
Temple:   hellmonk_temple_flake

Skill      XL: |  1  2  3  4  5 |
---------------+----------------+-----
Fighting       | 2 |  2.7
Shapeshifting  | 4 |  4.5
Dodging        | 3 |  3.3
Unarmed Combat | |  3.9
Invocations    | |  0.1

Action                     |  1- 3 |  4- 6 || total
---------------------------+-------+-------++-------
  Melee: Unarmed           |    48 |    98 ||   146
         Constrict         |    10 |    26 ||    36
         Tentacles         |    12 |    20 ||    32
         Punch             |     1 |     3 ||     4
    Use: Potion            |       |     2 ||     2
   Stab: Sleeping          |     7 |     9 ||    16
 Armour: Skin              |    14 |    71 ||    85
  Dodge: Dodged            |    28 |    34 ||    62
  Block: Other             |       |    17 ||    17
         Reflection        |       |     2 ||     2

Table legend: (Time is in decaauts)
 A = Elapsed time spent in this place.
 B = Non-inter-level travel time spent in this place.
 C = Inter-level travel time spent in this place.
 D = Time resting spent in this place.
 E = Time spent auto-exploring this place.
 F = Levels seen in this place.
 G = Mean time per level.
                   A        B        C        D        E       F      G
               +--------+--------+--------+--------+--------+-----+--------+
         Total |   3450 |   3357 |     93 |    282 |   2635 |   6 |  575.0 |
       Dungeon |   3429 |   3354 |     75 |    282 |   2635 |   5 |  685.8 |
        Temple |     20 |      2 |     18 |      0 |      0 |   1 |   20.0 |
               +--------+--------+--------+--------+--------+-----+--------+

Top non-repeatable levels by time:
     D:3: 1029 daAuts
     D:2: 946 daAuts
     D:1: 708 daAuts
     D:4: 697 daAuts
     D:5: 48 daAuts
  Temple: 20 daAuts
